 Dungeon Crawl Stone Soup version 0.18.1-50-g88ac8fd (webtiles) character file.

10685 Nordron the Cleaver (level 11, -1/101 HPs)
             Began as a Minotaur Berserker on Sept 22, 2016.
             Was a High Priest of Trog.
             Slain by an eight-headed hydra (9 damage)
             ... on level 1 of the Lair of Beasts.
             The game lasted 00:57:23 (9467 turns).

Nordron the Cleaver (Minotaur Berserker)            Turns: 9467, Time: 00:57:23

Health: -1/101     AC: 17    Str: 25    XL:     11   Next: 39%
Magic:  10/10      EV: 12    Int:  4    God:    Trog [*****.]
Gold:   617        SH:  0    Dex: 10    Spells: 0 memorised, 10 levels left

rFire  . . .     SeeInvis +     K - +0 trident (pierce)
rCold  + . .     Gourm    .     U - +4 chain mail {rC+}
rNeg   + . .     Faith    .     (no shield)
rPois  .         Spirit   .     (helmet restricted)
rElec  .         Dismiss  .     R - +0 cloak
rCorr  .         Reflect  .     (no gloves)
SustAt .         Harm     .     (no boots)
MR     ++...                    (no amulet)
Stlth  ..........               e - ring of see invisible
                                g - ring of positive energy

@: lethally poisoned (-1 -> -1), regenerating, very resistant to hostile
enchantments, extremely unstealthy
A: retaliatory headbutt, horns 2
a: Berserk, Trog's Hand, Brothers in Arms, Burn Spellbooks, Renounce Religion


You were on level 1 of the Lair of Beasts.
You worshipped Trog.
Trog was extremely pleased with you.
You were very hungry.

You visited 3 branches of the dungeon, and saw 10 of its levels.

You collected 617 gold pieces.

Inventory:

Hand Weapons
 y - a +1 hand axe of chopping
 G - a +0 short sword of speed
 K - a +0 trident of piercing (weapon)
 M - a +3 hand axe
 O - the +3 quarterstaff of Dithmenos {crush, Dex+5}
   (You found it on level 8 of the Dungeon)

   It inflicts extra damage upon your enemies.
   It affects your dexterity (+5).
 T - a +1 great sword of electrocution
Missiles
 P - 8 exploding tomahawks (quivered)
Armour
 s - a +2 ring mail of fire resistance
 R - a +0 cloak (worn)
 U - a +4 chain mail of cold resistance (worn)
Jewellery
 e - a ring of see invisible (right hand)
 g - a ring of positive energy (left hand)
 m - a cursed +2 ring of evasion
 p - an uncursed ring of fire
 D - an uncursed ring of see invisible
 S - an uncursed ring of magical power
 V - an uncursed amulet of magic regeneration {unknown}
Wands
 i - a wand of hasting (3/9)
 o - a wand of flame (30/48)
 B - a wand of acid (9/15)
 H - a wand of disintegration (7/24)
 N - a wand of flame (30/48)
Scrolls
 a - a scroll of magic mapping {unknown}
 f - 3 scrolls of identify
 l - 3 scrolls of teleportation
 n - 3 scrolls of random uselessness {unknown}
 q - a scroll of immolation
 t - a scroll of enchant weapon
 u - a scroll of remove curse
 v - 4 scrolls of recharging
 E - a scroll of torment {unknown}
 F - a scroll of amnesia {unknown}
Potions
 r - 8 potions of curing
 w - a potion of ambrosia {unknown}
 x - a potion of berserk rage {unknown}
 z - a potion of resistance {unknown}
 A - a potion of heal wounds {unknown}
 C - a potion of cancellation {unknown}
 I - a potion of agility {unknown}
 L - a potion of lignification {unknown}
 Q - a potion of degeneration {unknown}
Books
 J - a book of Misfortune

   Spells                             Type                      Level
   a - Confusing Touch                Hexes                        2
   b - Confuse                        Hexes                        3
   c - Gell's Gravitas                Hexes/Translocation          3
   d - Petrify                        Transmutation/Earth          4
   e - Metabolic Englaciation         Hexes/Ice                    5
   f - Yara's Violent Unravelling     Hexes/Transmutation          5
   Trog disapproves of the use of such an item.
Comestibles
 b - 7 fruits
 c - 8 bread rations
 d - 7 beef jerkies
 h - 10 slices of pizza
 j - 2 royal jellies
 k - a meat ration


   Skills:
 + Level 10.5 Fighting
 + Level 11.9 Axes
 + Level 1.3(7.8) Polearms
 + Level 10.0 Armour
 + Level 10.4 Dodging
 + Level 2.4 Stealth
 + Level 0.8 Evocations


You had 10 spell levels left.
You didn't know any spells.

Dungeon Overview and Level Annotations

Branches:
Dungeon (8/15)             Temple (1/1) D:4            Lair (1/8) D:8

Altars:
Cheibriados
Dithmenos
Elyvilon
Fedhas
Gozag
Kikubaaqudgha
Makhleb
Nemelex Xobeh
Okawaru
Pakellas
Qazlal
Ru
Sif Muna
Trog
Vehumet
Xom
Yredelemnul
Zin
The Shining One

Annotations:
Lair:1 Nergalle


Innate Abilities, Weirdness & Mutations

You reflexively headbutt those who attack you in melee.
You have a pair of horns on your head.


Message History

The eight-headed hydra is severely wounded.
You feel sick. The eight-headed hydra bites you.
The eight-headed hydra completely misses you.
The eight-headed hydra bites you but does no damage.
The eight-headed hydra bites you. The eight-headed hydra misses you.
The eight-headed hydra barely misses you.
The eight-headed hydra bites you but does no damage.
The eight-headed hydra bites you!
* * * LOW HITPOINT WARNING * * *
You barely miss the eight-headed hydra.
The eight-headed hydra is severely wounded.
The eight-headed hydra bites you!
* * * LOW HITPOINT WARNING * * *
The eight-headed hydra barely misses you.
The eight-headed hydra bites you!
* * * LOW HITPOINT WARNING * * *
The eight-headed hydra misses you.
The eight-headed hydra bites you but does no damage. x2
The eight-headed hydra bites you!
You die...

#....#.###### #####..........P#
##### ##.......######.## ....##
#P..##..## .# ##..P# ##.# #..#
.# ###>.#########..###..# .##
............##.#.#...# ..#
##)..#.[......###Do..#### ##.#
.##......##.##.#@###.##.###..##
.##########.###.## #..........#
.# #.#...## ##.#.####### ##
#....#.# #P..## # ##...###
##.P# ##### ##...# #.## †...#
#...# ... ###.## ##..P# ##..
.....# ### #...## #.#


You could see an eight-headed hydra and Nergalle.

Vanquished Creatures
  A hydra (Lair:1)
  A queen ant (Lair:1)
  Urug (Lair:1)
  The ghost of mishamorgan the Destroyer, a novice HEWz of Sif Muna (D:8)
  2 spiny frogs (Lair:1)
  The ghost of mishamorgan the Conjurer, a novice HEWz of Sif Muna (D:6)
  4 polar bears
  Sigmund (D:4)
  10 yaks (Lair:1)
  A hog (D:7)
  A human (D:7)
  A hungry ghost (D:8)
  5 soldier ants (Lair:1)
  2 porcupines (Lair:1)
  2 water moccasins (Lair:1)
  3 ice beasts (D:7)
  3 orc warriors
  4 sky beasts
  3 black bears (Lair:1)
  3 wolves (Lair:1)
  A centaur (D:8)
  An ogre (D:4)
  A big kobold (D:8)
  A crocodile (Lair:1)
  7 giant frogs
  2 scorpions (D:8)
  A howler monkey (D:4)
  A crimson imp (D:7)
  A centaur zombie (D:4)
  A centaur skeleton (D:4)
  2 giant frog skeletons
  2 jellies
  An orc priest (D:4)
  2 hounds
  3 orc wizards
  Jessica (D:2)
  3 iguanas
  Ijyb (D:2)
  Natasha (thrice) (D:2)
  A killer bee zombie (D:7)
  12 worker ants
  3 sheep (D:7)
  A worker ant zombie (D:4)
  8 adders
  9 river rats (Lair:1)
  2 shadow imps
  An ooze (D:4)
  An adder skeleton (D:4)
  An adder zombie (D:4)
  3 dart slugs
  7 giant geckos
  21 orcs
  10 giant cockroaches
  11 goblins
  11 hobgoblins
  17 jackals
  16 kobolds
  A quokka (D:7)
  2 ball pythons (D:3)
  14 bats
  A giant cockroach zombie (D:4)
  A giant gecko skeleton (D:7)
  A giant gecko zombie (D:4)
  6 giant newts
  A jackal skeleton (D:4)
  A quokka skeleton (D:8)
  A quokka zombie (D:4)
  9 rats
258 creatures vanquished.

Vanquished Creatures (others)
  2 fungi (Lair:1)
  11 plants (Lair:1)
13 creatures vanquished.

Grand Total: 271 creatures vanquished

Notes
Turn   | Place    | Note
--------------------------------------------------------------
     0 | D:1      | Nordron the Minotaur Berserker began the quest for the Orb.
     0 | D:1      | Reached XP level 1. HP: 19/19 MP: 0/0
    57 | D:1      | Reached XP level 2. HP: 20/27 MP: 1/1
    87 | D:1      | Reached skill level 4 in Axes
   580 | D:1      | Reached ** piety under Trog
   614 | D:1      | Reached XP level 3. HP: 33/33 MP: 2/2
  1013 | D:2      | Noticed Jessica
  1022 | D:2      | Killed Jessica
  1071 | D:2      | Noticed Natasha
  1084 | D:2      | Killed Natasha
  1084 | D:2      | Reached XP level 4. HP: 10/41 MP: 3/3
  1136 | D:2      | Noticed Ijyb
  1147 | D:2      | Killed Ijyb
  1201 | D:2      | Noticed Natasha
  1205 | D:2      | Killed Natasha
  1205 | D:2      | Reached skill level 5 in Axes
  1205 | D:2      | Reached XP level 5. HP: 47/47 MP: 4/4
  1468 | D:2      | Noticed Natasha
  1481 | D:2      | Killed Natasha
  1718 | D:3      | Found a shadowy altar of Dithmenos.
  1783 | D:3      | Reached *** piety under Trog
  2108 | D:3      | Found a shimmering altar of Xom.
  2553 | D:4      | Reached skill level 5 in Fighting
  2553 | D:4      | Reached XP level 6. HP: 56/56 MP: 5/5
  2621 | D:4      | Found a staircase to the Ecumenical Temple.
  2647 | Temple   | Entered the Ecumenical Temple
  2811 | D:4      | Noticed Sigmund
  2827 | D:4      | Killed Sigmund
  2827 | D:4      | Reached skill level 5 in Armour
  2874 | D:4      | Reached XP level 7. HP: 41/61 MP: 6/6
  2905 | D:4      | Reached **** piety under Trog
  3124 | D:4      | Reached skill level 6 in Axes
  3153 | D:4      | Reached skill level 5 in Dodging
  3454 | D:5      | Entered Level 5 of the Dungeon
  3468 | D:5      | You fall through a shaft!
  4368 | D:6      | Noticed mishamorgan's ghost (novice HEWz)
  4381 | D:6      | Killed mishamorgan's ghost
  4381 | D:6      | Reached skill level 7 in Axes
  4381 | D:6      | Reached XP level 8. HP: 68/70 MP: 7/7
  4917 | D:7      | Reached skill level 8 in Axes
  4958 | D:7      | Found a sacrificial altar of Ru.
  5283 | D:7      | Found a bloodstained altar of Trog.
  5600 | D:7      | Reached XP level 9. HP: 38/78 MP: 8/8
  6166 | D:7      | Received a gift from Trog
  6166 | D:7      | Reached skill level 9 in Axes
  6188 | D:7      | Reached skill level 1 in Stealth
  6276 | D:8      | Got a smoking quarterstaff
  6277 | D:8      | Identified the +3 quarterstaff of Dithmenos {crush, Dex+5} (You found it on level 8 of the Dungeon)
  6299 | D:8      | Noticed mishamorgan's ghost (novice HEWz)
  6320 | D:8      | Killed mishamorgan's ghost
  6862 | D:8      | Reached ***** piety under Trog
  7028 | D:8      | Found a staircase to the Lair.
  7320 | Lair:1   | Entered Level 1 of the Lair of Beasts
  7334 | Lair:1   | Reached XP level 10. HP: 89/89 MP: 9/9
  7349 | Lair:1   | Noticed a spiny frog
  7361 | Lair:1   | Reached skill level 10 in Axes
  7367 | Lair:1   | Killed a spiny frog
  7702 | Lair:1   | Noticed a seven-headed hydra
  7710 | Lair:1   | Killed a seven-headed hydra
  7881 | Lair:1   | Reached skill level 1 in Polearms
  7891 | Lair:1   | Noticed Urug
  7896 | Lair:1   | Noticed Nergalle
  8156 | Lair:1   | Reached skill level 11 in Axes
  8159 | Lair:1   | Noticed a queen ant
  8173 | Lair:1   | Received a gift from Trog
  8175 | Lair:1   | Killed a queen ant
  8175 | Lair:1   | Reached skill level 10 in Fighting
  8175 | Lair:1   | Reached XP level 11. HP: 64/99 MP: 10/10
  8831 | Lair:1   | Killed Urug
  8831 | Lair:1   | Reached skill level 10 in Dodging
  8837 | Lair:1   | Reached skill level 10 in Armour
  9455 | Lair:1   | Noticed an eight-headed hydra
  9467 | Lair:1   | Slain by an eight-headed hydra

Skill      XL: |  1  2  3  4  5  6  7  8  9 10 11 |
---------------+----------------------------------+-----
Axes           | 4 5 7 8 9 11 | 11.9
Fighting       | 4 5 6 8 10 | 10.5
Armour         | 3 4 5 6 8 9 10 | 10.0
Dodging        | 3 4 6 7 8 9 10 | 10.4
Stealth        | 1 2 |  2.4
Polearms       | 1 |  1.3
Evocations     | |  0.8

Action                   |  1- 3 |  4- 6 |  7- 9 | 10-12 || total
-------------------------+-------+-------+-------+-------++-------
Melee: Hand axe          |    77 |   183 |   340 |   225 ||   825
       Headbutt          |    12 |    32 |    62 |    64 ||   170
       Trident           |       |       |       |    18 ||    18
Invok: Berserk           |       |     2 |     4 |     4 ||    10
       Trog's Hand       |       |     1 |     3 |     1 ||     5
Evoke: Wand              |       |       |     3 |     1 ||     4
  Use: Scroll            |       |     5 |     6 |     3 ||    14
       Potion            |       |     1 |       |       ||     1
  Eat: Chunk             |     1 |     8 |    15 |     9 ||    33
       Bread ration      |       |       |     1 |       ||     1
       Fruit             |       |       |       |     2 ||     2
Armor: Animal skin       |     2 |       |       |       ||     2
       Plate armour      |    32 |    27 |       |       ||    59
       Chain mail        |     4 |       |       |    56 ||    60
       Ring mail         |       |    41 |    82 |    46 ||   169
Dodge: Dodged            |    50 |    80 |   155 |   149 ||   434
